| TOP OF THE 1ST |
|
Richmond Braves batting - Pitching for Columbus Clippers : RHP Richard Renwick
|
|
Pitching: RHP Richard Renwick
|
|
|
Batting: RHB Dave Stegman
|
0-0: Called Strike 0-1: Ball 1-1: Foul Ball, location: 2F 1-2: Ball 2-2: Ball 3-2: Foul Ball, location: 2F 3-2: Fly out, F7 (Flyball, 7LS, EV 84.4 MPH)
|
|
Batting: RHB Mike Fuentes
|
0-0: Ball 1-0: Ball 2-0: Ball 3-0: Base on Balls
|
|
Batting: SHB Howard Johnson
|
0-0: Ball 1-0: Foul Ball, location: 2F 1-1: Called Strike 1-2: DOUBLE (Flyball, 89D, EV 111.9 MPH) Mike Fuentes to third
|
|
Batting: LHB Chris Evans
|
0-0: Ball 1-0: Swinging Strike 1-1: Ball 2-1: Fly out, F8 (Line Drive, 8LM, EV 96.3 MPH) Runner from 3rd tags up, SCORES, throw by CF
|
|
Batting: RHB John Freitas
|
0-0: Foul Ball, location: 2F 0-1: Ball 1-1: Ball Wild Pitch! Howard Johnson to third 2-1: Called Strike 2-2: Strikes out looking
|
| Top of the 1st over - 1 run, 1 hit, 0 errors, 1 left on base; Richmond 1 - Columbus 0 |
| BOTTOM OF THE 1ST |
|
Columbus Clippers batting - Pitching for Richmond Braves : RHP Fernando Amaya
|
|
Pitching: RHP Fernando Amaya
|
|
|
Batting: SHB Curt Wilkerson
|
0-0: Ball 1-0: Ball 2-0: Ball 3-0: Called Strike 3-1: Called Strike 3-2: Base on Balls
|
|
Batting: LHB Elijah Bonaparte
|
0-0: Ball Curt Wilkerson steals 2nd base 1-0: Foul Ball, location: 2F 1-1: Ball 2-1: DOUBLE (Groundball, 5L, EV 106.9 MPH) Curt Wilkerson scores
|
|
Batting: LHB Denny Porter
|
0-0: Foul Ball, location: 2F 0-1: Ball 1-1: Ball 2-1: Ball 3-1: Base on Balls
|
|
Batting: LHB Barry Butera
|
0-0: Swinging Strike 0-1: Ball 1-1: Ball 2-1: Fly out, F6 (Line Drive, 6, EV 68.8 MPH)
|
|
Batting: LHB Tony Ramirez
|
0-0: Ball 1-0: Foul Ball, location: 2F 1-1: Fielders Choice at 2nd, 5-4 (Groundball, 5, EV 91.3 MPH) Elijah Bonaparte to third
|
|
Batting: LHB Jordan Medrano
|
0-0: Ball 1-0: Called Strike 1-1: Called Strike 1-2: Foul Ball, location: 2F 1-2: Foul Ball, location: 2F 1-2: Ball Wild Pitch! Elijah Bonaparte scores Tony Ramirez to second 2-2: Fly out, F8 (Line Drive, 8LD, EV 106.3 MPH)
|
| Bottom of the 1st over - 2 runs, 1 hit, 0 errors, 1 left on base; Richmond 1 - Columbus 2 |
| TOP OF THE 2ND |
|
Richmond Braves batting - Pitching for Columbus Clippers : RHP Richard Renwick
|
|
Batting: LHB Max Venable
|
0-0: Called Strike 0-1: Ball 1-1: Ball 2-1: Ground out 6-3 (Groundball, 6M, EV 101.3 MPH)
|
|
Batting: SHB Donnie Scott
|
0-0: Ground out 3-1 (Groundball, 34, EV 99.4 MPH)
|
|
Batting: SHB Julio Cruz
|
0-0: Ball 1-0: Swinging Strike 1-1: Ground out 6-3 (Groundball, 6, EV 100.6 MPH)
|
| Top of the 2nd over - 0 runs, 0 hits, 0 errors, 0 left on base; Richmond 1 - Columbus 2 |
| BOTTOM OF THE 2ND |
|
Columbus Clippers batting - Pitching for Richmond Braves : RHP Fernando Amaya
|
|
Batting: LHB Gene Gentile
|
0-0: SINGLE (Line Drive, 78M, EV 102.5 MPH)
|
|
Batting: LHB Arturo Blanco
|
0-0: Called Strike 0-1: Ground out 4-3 (Groundball, 4M, EV 99.4 MPH) Gene Gentile to second
|
|
Batting: RHB Alex Rodriguez
|
0-0: Ball 1-0: Called Strike 1-1: Fly out, F7 (Flyball, 7S, EV 84.4 MPH)
|
|
Batting: SHB Curt Wilkerson
|
0-0: Called Strike 0-1: Ball 1-1: Swinging Strike 1-2: Fly out, F5 (Popup, 56S, EV 69.4 MPH)
|
| Bottom of the 2nd over - 0 runs, 1 hit, 0 errors, 1 left on base; Richmond 1 - Columbus 2 |
| TOP OF THE 3RD |
|
Richmond Braves batting - Pitching for Columbus Clippers : RHP Richard Renwick
|
|
Batting: RHB Mark Naehring
|
0-0: Foul Ball, location: 2F 0-1: Ground out 3-1 (Groundball, 34, EV 103.8 MPH)
|
|
Batting: RHB Dave Stegman
|
0-0: Foul Ball, location: 2F 0-1: Foul Ball, location: 2F 0-2: Ball 1-2: Ball 2-2: Ground out 5-3 (Groundball, 5S, EV 93.1 MPH)
|
|
Batting: RHB Mike Fuentes
|
0-0: Ball 1-0: SINGLE (Line Drive, 34D, EV 105.0 MPH)
|
|
Batting: SHB Howard Johnson
|
0-0: Called Strike 0-1: Ball 1-1: Ball 2-1: Foul Ball, location: 2F 2-2: Ball 3-2: SINGLE (Line Drive, 56D, EV 99.4 MPH) Mike Fuentes to second Mike Fuentes to third
|
|
Batting: LHB Chris Evans
|
0-0: Ball 1-0: Called Strike 1-1: Ball 2-1: Fly out, F8 (Flyball, 78XD, EV 98.8 MPH)
|
| Top of the 3rd over - 0 runs, 2 hits, 0 errors, 2 left on base; Richmond 1 - Columbus 2 |
| BOTTOM OF THE 3RD |
|
Columbus Clippers batting - Pitching for Richmond Braves : RHP Fernando Amaya
|
|
Batting: LHB Elijah Bonaparte
|
0-0: Ball 1-0: Called Strike 1-1: Ball 2-1: Ball 3-1: Fly out, F5 (Flyball, 56D, EV 81.3 MPH)
|
|
Batting: LHB Denny Porter
|
0-0: Ball 1-0: Ball 2-0: Swinging Strike 2-1: Ball 3-1: Foul Ball, location: 2F 3-2: SINGLE (Groundball, 34D, EV 106.9 MPH)
|
|
Batting: LHB Barry Butera
|
0-0: Called Strike 0-1: Ball 1-1: Ball 2-1: Grounds into double play, 4-6-3 (Groundball, 4, EV 90.0 MPH)
|
| Bottom of the 3rd over - 0 runs, 1 hit, 0 errors, 0 left on base; Richmond 1 - Columbus 2 |
| TOP OF THE 4TH |
|
Richmond Braves batting - Pitching for Columbus Clippers : RHP Richard Renwick
|
|
Batting: RHB John Freitas
|
0-0: Ball 1-0: SOLO HOME RUN (Flyball, 78XD, EV 91.9 MPH), Distance : 421 ft
|
|
Batting: LHB Max Venable
|
0-0: Fly out, F8 (Flyball, 8LM, EV 85.0 MPH)
|
|
Batting: SHB Donnie Scott
|
0-0: Ball 1-0: Called Strike 1-1: Called Strike 1-2: Ball 2-2: Strikes out swinging
|
|
Batting: SHB Julio Cruz
|
0-0: Ball 1-0: Fly out, F4 (Flyball, 4D, EV 94.4 MPH)
|
| Top of the 4th over - 1 run, 1 hit, 0 errors, 0 left on base; Richmond 2 - Columbus 2 |
| BOTTOM OF THE 4TH |
|
Columbus Clippers batting - Pitching for Richmond Braves : RHP Fernando Amaya
|
|
Batting: LHB Tony Ramirez
|
0-0: Called Strike 0-1: Foul Ball, location: 2F 0-2: Ball 1-2: Ground out 5-3 (Groundball, 56, EV 101.9 MPH)
|
|
Batting: LHB Jordan Medrano
|
0-0: Foul Ball, location: 2F 0-1: Called Strike 0-2: Ball 1-2: Ground out U3 (Groundball, 3, EV 92.5 MPH)
|
|
Batting: LHB Gene Gentile
|
0-0: Ball 1-0: Ball 2-0: Ground out 4-3 (Groundball, 4, EV 93.8 MPH)
|
| Bottom of the 4th over - 0 runs, 0 hits, 0 errors, 0 left on base; Richmond 2 - Columbus 2 |
| TOP OF THE 5TH |
|
Richmond Braves batting - Pitching for Columbus Clippers : RHP Richard Renwick
|
|
Batting: RHB Mark Naehring
|
0-0: SINGLE (Groundball, 6MD, EV 96.9 MPH)
|
|
Batting: RHB Dave Stegman
|
0-0: Ball 1-0: Ball 2-0: Ball 3-0: Base on Balls Mark Naehring to second
|
|
Batting: RHB Mike Fuentes
|
0-0: Ball 1-0: Foul Ball, location: 2F 1-1: Called Strike 1-2: Foul Ball, location: 2F 1-2: Ball 2-2: Ball 3-2: Foul Ball, location: 2F 3-2: Foul Ball, location: 2F 3-2: Foul Ball, location: 2F 3-2: SINGLE (Groundball, 5L, EV 105.0 MPH) (infield hit) Mark Naehring to third Dave Stegman to second
|
|
Batting: SHB Howard Johnson
|
0-0: Ball 1-0: Ball 2-0: GRAND SLAM HOME RUN (Flyball, 89XD, EV 105.0 MPH), Distance : 442 ft
|
|
Pitching: RHP Joe Cowley
|
|
|
Batting: LHB Chris Evans
|
0-0: Ground out 3-1 (Groundball, 34S, EV 80.6 MPH)
|
|
Batting: RHB John Freitas
|
0-0: Ground out 6-3 (Groundball, 6M, EV 86.9 MPH)
|
|
Batting: LHB Max Venable
|
0-0: Ball 1-0: Ground out 6-3 (Groundball, 6, EV 101.3 MPH)
|
| Top of the 5th over - 4 runs, 3 hits, 0 errors, 0 left on base; Richmond 6 - Columbus 2 |
| BOTTOM OF THE 5TH |
|
Columbus Clippers batting - Pitching for Richmond Braves : RHP Fernando Amaya
|
|
Batting: LHB Arturo Blanco
|
0-0: Ball 1-0: Ground out 6-3 (Groundball, 6M, EV 83.8 MPH)
|
|
Batting: RHB Alex Rodriguez
|
0-0: Called Strike 0-1: Swinging Strike 0-2: Ball 1-2: Strikes out swinging
|
|
Batting: SHB Curt Wilkerson
|
0-0: Ball 1-0: Ground out 3-1 (Groundball, 34, EV 98.8 MPH)
|
| Bottom of the 5th over - 0 runs, 0 hits, 0 errors, 0 left on base; Richmond 6 - Columbus 2 |
| TOP OF THE 6TH |
|
Richmond Braves batting - Pitching for Columbus Clippers : RHP Joe Cowley
|
|
Batting: SHB Donnie Scott
|
0-0: Ball 1-0: Ball 2-0: Called Strike 2-1: Foul Ball, location: 2F 2-2: Ball 3-2: Ground out 5-3 (Groundball, 56S, EV 82.5 MPH)
|
|
Batting: SHB Julio Cruz
|
0-0: Ball 1-0: Ball 2-0: Foul Ball, location: 2F 2-1: Fly out, F8 (Flyball, 89D, EV 95.6 MPH)
|
|
Batting: RHB Mark Naehring
|
0-0: Ball 1-0: Swinging Strike 1-1: Ball 2-1: Swinging Strike 2-2: Foul Ball, location: 2F 2-2: Strikes out swinging
|
| Top of the 6th over - 0 runs, 0 hits, 0 errors, 0 left on base; Richmond 6 - Columbus 2 |
| BOTTOM OF THE 6TH |
|
Columbus Clippers batting - Pitching for Richmond Braves : RHP Fernando Amaya
|
|
Batting: LHB Elijah Bonaparte
|
0-0: Ground out 4-3 (Groundball, 4D, EV 105.0 MPH)
|
|
Batting: LHB Denny Porter
|
0-0: TRIPLE (Flyball, 9LD, EV 95.0 MPH)
|
|
Batting: LHB Barry Butera
|
0-0: Called Strike 0-1: Ground out 4-3 (Groundball, 4, EV 102.5 MPH) Denny Porter scores
|
|
Batting: LHB Tony Ramirez
|
0-0: Ball 1-0: Ball 2-0: DOUBLE (Line Drive, 9LD, EV 104.4 MPH)
|
|
Batting: LHB Jordan Medrano
|
0-0: Ball 1-0: Ball 2-0: Called Strike 2-1: Ball 3-1: Foul Ball, location: 2F 3-2: Fly out, F8 (Flyball, 8LS, EV 84.4 MPH)
|
| Bottom of the 6th over - 1 run, 2 hits, 0 errors, 1 left on base; Richmond 6 - Columbus 3 |
| TOP OF THE 7TH |
|
Richmond Braves batting - Pitching for Columbus Clippers : RHP Joe Cowley
|
|
Batting: RHB Dave Stegman
|
0-0: Foul Ball, location: 2F 0-1: Foul Ball, location: 2F 0-2: Foul Ball, location: 2F 0-2: Ball 1-2: Ground out 1-3 (Groundball, 15S, EV 72.5 MPH)
|
|
Batting: RHB Mike Fuentes
|
0-0: Foul Ball, location: 2F 0-1: Swinging Strike 0-2: Ball 1-2: Ball 2-2: Foul Ball, location: 2F 2-2: Ball 3-2: Foul Ball, location: 2F 3-2: Foul Ball, location: 2F 3-2: SINGLE (Groundball, 6S, EV 71.9 MPH) (infield hit)
|
|
Batting: SHB Howard Johnson
|
0-0: Ball 1-0: Ball 2-0: Ground out 4-3 (Groundball, 4S, EV 68.8 MPH) Mike Fuentes to second
|
|
Batting: LHB Chris Evans
|
0-0: Called Strike 0-1: Foul Ball, location: 2F 0-2: Ball 1-2: Hit by Pitch
|
|
Batting: RHB John Freitas
|
0-0: Called Strike 0-1: Ball 1-1: Foul Ball, location: 2F 1-2: Ball 2-2: Ball 3-2: Fly out, F8 (Flyball, 8RXD, EV 93.8 MPH)
|
| Top of the 7th over - 0 runs, 1 hit, 0 errors, 2 left on base; Richmond 6 - Columbus 3 |
| BOTTOM OF THE 7TH |
|
Columbus Clippers batting - Pitching for Richmond Braves : RHP Fernando Amaya
|
|
Batting: LHB Gene Gentile
|
0-0: Ball 1-0: Called Strike 1-1: Ground out 4-3 (Groundball, 4, EV 76.9 MPH)
|
|
Batting: LHB Arturo Blanco
|
0-0: Ground out 1-3 (Groundball, 13S, EV 73.1 MPH)
|
|
Batting: RHB Alex Rodriguez
|
0-0: Called Strike 0-1: Ball 1-1: Foul Ball, location: 2F 1-2: Ball 2-2: Ground out 5-3 (Groundball, 56S, EV 80.0 MPH)
|
| Bottom of the 7th over - 0 runs, 0 hits, 0 errors, 0 left on base; Richmond 6 - Columbus 3 |
| TOP OF THE 8TH |
|
Richmond Braves batting - Pitching for Columbus Clippers : RHP Joe Cowley
|
|
Batting: LHB Max Venable
|
0-0: Called Strike 0-1: Foul Ball, location: 2F 0-2: Fly out, F9 (Flyball, 9LD, EV 87.5 MPH)
|
|
Batting: SHB Donnie Scott
|
0-0: Swinging Strike 0-1: Called Strike 0-2: Ball 1-2: Strikes out swinging
|
|
Pitching: RHP Françisco Chara
|
|
|
Batting: SHB Julio Cruz
|
0-0: Ball 1-0: Called Strike 1-1: Ball 2-1: Foul Ball, location: 2F 2-2: Strikes out looking
|
| Top of the 8th over - 0 runs, 0 hits, 0 errors, 0 left on base; Richmond 6 - Columbus 3 |
| BOTTOM OF THE 8TH |
|
Columbus Clippers batting - Pitching for Richmond Braves : RHP Fernando Amaya
|
|
Batting: SHB Curt Wilkerson
|
0-0: Called Strike 0-1: Called Strike 0-2: Strikes out looking
|
|
Batting: LHB Elijah Bonaparte
|
0-0: Ball 1-0: Ball 2-0: Called Strike 2-1: Foul Ball, location: 2F 2-2: Ground out 1-3 (Groundball, 13S, EV 71.9 MPH)
|
|
Batting: LHB Denny Porter
|
0-0: Ball 1-0: Ball 2-0: Ball 3-0: Base on Balls
|
|
Batting: LHB Barry Butera
|
0-0: Ball 1-0: Ground out 4-3 (Groundball, 4, EV 77.5 MPH)
|
| Bottom of the 8th over - 0 runs, 0 hits, 0 errors, 1 left on base; Richmond 6 - Columbus 3 |
| TOP OF THE 9TH |
|
Richmond Braves batting - Pitching for Columbus Clippers : RHP Françisco Chara
|
|
Batting: RHB Mark Naehring
|
0-0: Ball 1-0: Ball 2-0: Ball 3-0: Base on Balls
|
|
Batting: RHB Dave Stegman
|
0-0: Ball 1-0: Called Strike 1-1: Foul Ball, location: 2F 1-2: Foul Ball, location: 2F 1-2: Ball 2-2: Fly out, F9 (Flyball, 89D, EV 91.9 MPH)
|
|
Batting: RHB Mike Fuentes
|
0-0: Called Strike 0-1: Ball 1-1: Ball 2-1: Called Strike 2-2: Fly out, F8 (Flyball, 89M, EV 88.1 MPH)
|
|
Batting: SHB Howard Johnson
|
0-0: Ball 1-0: Swinging Strike 1-1: Fly out, F7 (Flyball, 78D, EV 98.8 MPH)
|
| Top of the 9th over - 0 runs, 0 hits, 0 errors, 1 left on base; Richmond 6 - Columbus 3 |
| BOTTOM OF THE 9TH |
|
Columbus Clippers batting - Pitching for Richmond Braves : RHP Fernando Amaya
|
|
Batting: LHB Tony Ramirez
|
0-0: Ground out U3 (Groundball, 13, EV 88.8 MPH)
|
|
Batting: LHB Jordan Medrano
|
0-0: Called Strike 0-1: Foul Ball, location: 2F 0-2: Ball 1-2: Fly out, F9 (Flyball, 89M, EV 92.5 MPH)
|
|
Batting: LHB Gene Gentile
|
0-0: Ball 1-0: Ball 2-0: Swinging Strike 2-1: Called Strike 2-2: Foul Ball, location: 2F 2-2: Strikes out swinging
|
| Bottom of the 9th over - 0 runs, 0 hits, 0 errors, 0 left on base; Richmond 6 - Columbus 3 |
|